 Dungeon Crawl Stone Soup version 0.31-a0-460-g9e667d4245 (webtiles) character file.

Game seed: 16367788270836315942

52 mdonais the Sneak (level 3, -5/20 (24) HPs)
             Began as an Octopode Reaver on Aug 4, 2023.
             Slain by Sigmund
             ... wielding a +0 scythe of pain
              (9 damage)
             ... on level 2 of the Dungeon.
             The game lasted 00:08:30 (1244 turns).

mdonais the Sneak (Octopode Reaver)                 Turns: 1244, Time: 00:08:30

HP:   -5/20 (24)    AC:  1    Str: 11    XL:     3   Next: 85%
MP:   3/6           EV: 13    Int: 15    God:
Gold: 16            SH:  0    Dex: 12    Spells: 3/6 levels left

rFire   . . .        a - +0 short sword
rCold   + . .        (no shield)
rNeg    . . .        (helmet restricted)
rPois   .            (no amulet)
rElec   .            g - ring of resist corrosion
rCorr   +            (no ring)
SInv    .            (no ring)
Will    .....        (no ring)
Stlth   +++          (no ring)
HPRegen 0.23/turn    (no ring)
MPRegen 0.10/turn    (no ring)
                     (no ring)

%: no passive effects
@: very slightly contaminated, heavily drained
A: almost no armour, amphibious, 8 rings, camouflage 1, gelatinous body 1,
(nimble swimmer 1), tentacles, fangs 1, cold resistance 1
a: no special abilities


You were on level 2 of the Dungeon.
You visited 1 branch of the dungeon, and saw 2 of its levels.

You collected 16 gold pieces.

Inventory:

Hand Weapons
 a - a +0 short sword (weapon)
Magical Staves
 c - a staff of fire
   (You found it on level 1 of the Dungeon)
Jewellery
 g - a ring of resist corrosion (left tentacle)
   (You found it on level 1 of the Dungeon)
Scrolls
 f - a scroll of revelation


   Skills:
 + Level 2.3 Fighting
 - Level 3.0 Short Blades
 - Level 2.0 Dodging
 - Level 4.0 Stealth
 - Level 2.0 Spellcasting
 - Level 3.0 Conjurations
 + Level 0.7 Necromancy
 + Level 0.7 Translocations


You had 3 spell levels left.
You knew the following spells:

 Your Spells              Type           Power      Damage    Failure   Level
a - Kiss of Death         Conj/Necr      28%        2d7       11%         1
b - Momentum Strike       Conj/Tloc      14%        3d8       16%         2

Your spell library contained the following spells:

 Spells                   Type           Power      Damage    Failure   Level
 Hailstorm                Conj/Ice       6%         3d4       34%         3


Dungeon Overview and Level Annotations

Branches:
Dungeon (2/15) Zot: 10768

Altars:

Annotations:
D:2 Jessica, Sigmund


Innate Abilities, Weirdness & Mutations

You cannot wear most types of armour.
You are amphibious.
You can wear up to eight rings at the same time.
Your skin changes colour to match your surroundings (Stealth+).
Your rubbery body absorbs attacks. (AC +1, EV +1)
((You are camouflaged when in or above water. (Stealth+)))
You have tentacles for arms and can constrict up to eight enemies at once.
You have very sharp teeth.
Your flesh is cold resistant. (rC+)


Message History

You squeeze the goblin.
You kill the goblin!
You aren't carrying any items that you can evoke.
Unknown command.
Jessica gestures wildly while chanting.
Jessica blinks!
You climb upwards.
There is a stone staircase leading down here.
There is a stone staircase leading down here.
You climb downwards.
Level annotation: Jessica
Found a stone staircase leading down.
There is a stone staircase leading up here.
A ball python comes into view.
The ball python hisses angrily.
The ball python bites you. The ball python barely misses you.
You take 3 damage, and have 21/24 hp.
You closely miss the ball python. Your grab misses the ball python.
The ball python closely misses you. The ball python misses you.
You hit the ball python.
You kill the ball python!
No target in view!
HP restored.
Sigmund and an endoplasm come into view.
Sigmund is wielding a +0 scythe of pain.
Health restored: 24 You open the door.
Level annotation: Jessica, Sigmund Welcome back, mdonais the Octopode Reaver.
Press ? for a list of commands and other information.
There is an open door here.
Found a ring of resist corrosion.
Found a stone staircase leading up.
A bat comes into view.
You see here a ring of resist corrosion.
i - a ring of resist corrosion
g - a ring of resist corrosion (left tentacle)
You drop a ring of resist corrosion.
You hit the bat.
You kill the bat!
No target in view!
Found a pair of boots.
No target in view!
A kobold comes into view. It is wielding a +0 club.
Found 2 gold pieces.
The helpless kobold fails to defend itself.
You puncture the kobold!
You kill the kobold!
No target in view!
You now have 7 gold pieces (gained 2).
You now have 16 gold pieces (gained 9).
A kobold comes into view. It is wielding a +0 whip.
The kobold moves out of view.
You see here 3 poisoned darts.
A kobold is nearby!
No reachable target in view!
Unknown command.
i - 3 poisoned darts
There are no items here.
Aiming: Kiss of Death (safe; 11% risk of failure)
Press: ? - help, Q - select action, (/) - cycle Shift-Dir - straight line, f - you That would be overly suicidal.
Okay, then.
Throw: 3 darts (poison)
Press: ? - help, Q - select action, (/) - cycle Shift-Dir - straight line, f - kobold
Aim: a kobold, wielding a +0 whip (wandering, hasn't noticed you, 45% to hit)
You throw a poisoned dart.
The poisoned dart closely misses the kobold.
The kobold shouts!
Throw: 2 darts (poison)
Press: ? - help, Q - select action, (/) - cycle Shift-Dir - straight line, f/p - kobold
Aim: a kobold, wielding a +0 whip (45% to hit)
You throw a poisoned dart. The poisoned dart hits the kobold.
The kobold is poisoned.
You kill the kobold!
No target in view!
You see here a +0 whip.
You see here a poisoned dart.
Sigmund is nearby!
i - 2 poisoned darts (gained 1)
You see here a +0 whip.
Things that are here:
a +0 club; a kobold corpse
Things that are here:
a +0 pair of boots; a +0 war axe Sigmund shouts!
It was a potion of mutation.
You feel extremely strange.
You feel resistant to cold.
Your teeth lengthen and sharpen.
Sigmund misses you.
The air fills with toxic fumes!
As you read the scroll labelled GONWUA AQ MODAO, it crumbles to dust.
It was a scroll of poison.
As you read the scroll labelled WUBACU XEIJU, it crumbles to dust.
It is a scroll of identify.
f - a scroll of revelation Sigmund barely misses you.
As you read the scroll labelled LUM UZIAGYFI, it crumbles to dust.
You assume a fearsome visage.
Sigmund looks frightened!
It was a scroll of fear.
Sigmund howls, "Help!"
Sigmund gestures wildly while chanting.
Sigmund flickers and vanishes!
Deactivating autopickup; reactivate with Ctrl-A.
Throw: 2 darts (poison)
Press: ? - help, Q - select action, (/) - cycle Shift-Dir - straight line You throw a poisoned dart.
Throw: dart (poison)
Press: ? - help, Q - select action, (/) - cycle Shift-Dir - straight line You throw a poisoned dart.
Something hits you.
You take 5 damage, and have 19/24 hp.
MASSIVE DAMAGE!!
You hear some strange, mumbled words.
Something tries to affect you, but you resist.
Something hits you.
You writhe in agony.
You take 3 damage, and have 17/24 hp.
Something hits you but does no damage. Something hits you!
Ouch! That really hurt!
* * * LOW HITPOINT WARNING * * *
You writhe in agony.
* * * LOW HITPOINT WARNING * * *
You take 12 damage, and have 5/24 hp.
MASSIVE DAMAGE!!
Okay, then.
You aren't carrying any potions.
Unknown command.
Sorry, you're not good enough to have a special ability.
Unknown command.
Something hits you.
* * * LOW HITPOINT WARNING * * *
You take 1 damage, and have 4/24 hp.
Casting: Kiss of Death (safe; 11% risk of failure)
Confirm with . or Enter, or press ? or * to list all spells.
You can't see any susceptible monsters within range! (Use Z to cast anyway.)
Casting: Kiss of Death (safe; 11% risk of failure)
Confirm with . or Enter, or press ? or * to list all spells.
You can't see any susceptible monsters within range! (Use Z to cast anyway.)
Casting: Kiss of Death (safe; 11% risk of failure)
Confirm with . or Enter, or press ? or * to list all spells.
Aiming: Kiss of Death (safe; 11% risk of failure)
Press: ? - help, Shift-Dir - straight line The negative energy hits something!
You feel drained.
You now have 5/6 mp.
Casting: Kiss of Death (safe; 11% risk of failure)
Confirm with . or Enter, or press ? or * to list all spells.
Aiming: Momentum Strike (safe; 16% risk of failure)
Press: ? - help, Dir - move target You miscast Momentum Strike.
You are very lightly contaminated with residual magic.
Nothing appears to happen.
Something hits you!
You die...

######### ####.......#
#####○°..###.#.#
#.○.☼.##.....#.#
#.##.@##.###.#.#### #.
#☼{☼..#...#....# #######
#.#.☼☼§.#........# #.....###
#.°.○§°○..#...#..#
##.......######○.○.=.....#..#
...............☼○..#°#...#..#
##......#####§☼####.....#[.#
#......# ...<....#........#
.###......##.#.#.#........#.##


There were no monsters in sight!

Vanquished Creatures
  2 dart slugs (D:1)
  4 ball pythons
  4 endoplasms (D:1)
  5 goblins
  3 hobgoblins (D:1)
  3 jackals (D:1)
  2 quokkas (D:1)
  5 bats
  6 frilled lizards (D:1)
  6 kobolds
  5 rats (D:1)
45 creatures vanquished.

Notes
Turn   | Place    | Note
-------+----------+-------------------------------------------
     0 | D:1      | mdonais the Octopode Reaver began the quest for the Orb.
     0 | D:1      | Reached XP level 1. HP: 14/14 MP: 3/3
    50 | D:1      | Reached skill level 1 in Stealth
   119 | D:1      | Reached skill level 2 in Stealth
   125 | D:1      | Reached XP level 2. HP: 19/19 MP: 5/5
   144 | D:1      | Reached skill level 3 in Stealth
   359 | D:1      | Reached XP level 3. HP: 24/24 MP: 6/6
   381 | D:1      | Found a faded altar of an unknown god.
   456 | D:1      | Reached skill level 4 in Stealth
   459 | D:1      | Learned a level 2 spell: Momentum Strike
  1020 | D:2      | Noticed Jessica
  1088 | D:2      | Noticed Sigmund
  1103 | D:2      | Upgraded the game from 0.31-a0-455-g1a7b003ef0 to
                  | 0.31-a0-460-g9e667d4245
  1229 | D:2      | Gained mutation: Your flesh is cold resistant. (rC+)
                  | [potion of mutation]
  1229 | D:2      | Gained mutation: You have very sharp teeth. [potion of
                  | mutation]
  1244 | D:2      | Slain by Sigmund

Illustrated notes

Levels and vault maps discovered:
D:1:      eino_arrival_cavern_b, layout_loops_cross,
          shapermc_ecumenical_altar_ellora, minmay_pentomino_x4
D:2:      layout_basic, uniq_jessica, uniq_sigmund

Skill      XL: |  1  2  3 |
---------------+----------+-----
Stealth        | 2 3 4 |  4.0
Fighting       | |  2.3
Short Blades   | |  3.0
Dodging        | |  2.0
Spellcasting   | |  2.0
Conjurations   | |  3.0
Necromancy     | |  0.7
Translocations | |  0.7

Action                     || total
---------------------------++-------
  Melee: Short sword       ||    89
         Constrict         ||    26
         Tentacles         ||    19
         Punch             ||     1
  Throw: Dart              ||     4
   Cast: Kiss of Death     ||     1
    Use: Scroll            ||     3
         Potion            ||     1
   Stab: Sleeping          ||    13
 Armour: Skin              ||     6
  Dodge: Dodged            ||    32

Table legend: (Time is in decaauts)
 A = Elapsed time spent in this place.
 B = Non-inter-level travel time spent in this place.
 C = Inter-level travel time spent in this place.
 D = Time resting spent in this place.
 E = Time spent auto-exploring this place.
 F = Levels seen in this place.
 G = Mean time per level.
                   A        B        C        D        E       F      G
               +--------+--------+--------+--------+--------+-----+--------+
         Total |   1230 |    998 |    232 |      0 |    614 |   2 |  615.0 |
       Dungeon |   1230 |    998 |    232 |      0 |    614 |   2 |  615.0 |
               +--------+--------+--------+--------+--------+-----+--------+

Top non-repeatable levels by time:
     D:1: 1021 daAuts
     D:2: 209 daAuts
